IL
NASHVILLE SOUNDS @ PAWTUCKET RED SOX
08/23/2049
 
TOP OF THE 1ST
Nashville Sounds batting - Pitching for Pawtucket Red Sox : RHP Roberto Morales
Pitching: RHP Roberto Morales
Batting: SHB Robert Santiago 0-0: Ball
1-0: Called Strike
1-1: Foul Ball, location: 2F
1-2: Ball
2-2: Ball
3-2: Fly out, F6 (Line Drive, 6, EV 63.1 MPH)
Batting: LHB Tomas Segarra 0-0: Swinging Strike
0-1: Ball
1-1: Called Strike
1-2: Fly out, F7 (Flyball, 78M, EV 89.4 MPH)
Batting: RHB Tim Cordle 0-0: Called Strike
0-1: SINGLE (Line Drive, 9S, EV 96.2 MPH)
Batting: RHB Bill Cabrera 0-0: Ball
1-0: Ball
2-0: Ball
3-0: Called Strike
3-1: Base on Balls
Tim Cordle to second
Batting: LHB Gregg Power 0-0: Foul Ball, location: 2F
0-1: Ball
1-1: Foul Ball, location: 2F
1-2: Ground out U3 (Groundball, 3, EV 103.8 MPH)
Top of the 1st over - 0 runs, 1 hit, 0 errors, 2 left on base; Nashville 0 - Pawtucket 0
BOTTOM OF THE 1ST
Pawtucket Red Sox batting - Pitching for Nashville Sounds : RHP Jalen Cobbins
Pitching: RHP Jalen Cobbins
Batting: RHB Matt Hinkle 0-0: Swinging Strike
0-1: Swinging Strike
0-2: Ball
1-2: Ball
2-2: Strikes out swinging
Batting: LHB Tim Fuller 0-0: Ball
1-0: Called Strike
1-1: Ball
2-1: Ball
3-1: Ground out 4-3 (Groundball, 4, EV 100.6 MPH)
Batting: SHB Marvin Lawrence 0-0: Foul Ball, location: 2F
0-1: Called Strike
0-2: Fly out, F8 (Flyball, 78M, EV 95.6 MPH)
Bottom of the 1st over - 0 runs, 0 hits, 0 errors, 0 left on base; Nashville 0 - Pawtucket 0
TOP OF THE 2ND
Nashville Sounds batting - Pitching for Pawtucket Red Sox : RHP Roberto Morales
Batting: RHB David Herrera 0-0: Ball
1-0: Called Strike
1-1: Ball
2-1: Swinging Strike
2-2: Fly out, F8 (Flyball, 8LD, EV 87.5 MPH)
Batting: LHB Al Hernandez 0-0: Ball
1-0: Called Strike
1-1: Foul Ball, location: 2F
1-2: Foul Ball, location: 2F
1-2: Strikes out swinging
Batting: RHB Wade Diamond 0-0: Ball
1-0: Foul Ball, location: 2F
1-1: Ground out U3 (Groundball, 3, EV 81.9 MPH)
Top of the 2nd over - 0 runs, 0 hits, 0 errors, 0 left on base; Nashville 0 - Pawtucket 0
BOTTOM OF THE 2ND
Pawtucket Red Sox batting - Pitching for Nashville Sounds : RHP Jalen Cobbins
Batting: RHB Roberto Morales 0-0: Foul Ball, location: 2F
0-1: Called Strike
0-2: Ground out 6-3 (Groundball, 6, EV 100.6 MPH)
Batting: RHB Tony Nunez 0-0: Ball
1-0: Called Strike
1-1: Foul Ball, location: 2F
1-2: Ball
2-2: Strikes out looking
Batting: RHB Rodolfo Contreras 0-0: Called Strike
0-1: Called Strike
0-2: Strikes out swinging
Bottom of the 2nd over - 0 runs, 0 hits, 0 errors, 0 left on base; Nashville 0 - Pawtucket 0
TOP OF THE 3RD
Nashville Sounds batting - Pitching for Pawtucket Red Sox : RHP Roberto Morales
Batting: RHB Tony Crespo 0-0: Called Strike
0-1: Ground out 6-3 (Groundball, 6, EV 105.6 MPH)
Batting: SHB Robert Santiago 0-0: Called Strike
0-1: Swinging Strike
0-2: Strikes out swinging
Batting: LHB Tomas Segarra 0-0: Ball
1-0: Called Strike
1-1: Ball
2-1: SINGLE (Groundball, 34D, EV 95.6 MPH)
Batting: RHB Tim Cordle 0-0: Called Strike
0-1: Ball
1-1: Ball
2-1: Foul Ball, location: 2F
2-2: Hit by Pitch
Tomas Segarra to second
Batting: RHB Bill Cabrera 0-0: Foul Ball, location: 2F
0-1: Foul Ball, location: 2F
0-2: Ball
1-2: Strikes out swinging
Top of the 3rd over - 0 runs, 1 hit, 0 errors, 2 left on base; Nashville 0 - Pawtucket 0
BOTTOM OF THE 3RD
Pawtucket Red Sox batting - Pitching for Nashville Sounds : RHP Jalen Cobbins
Batting: LHB Frank Olivo 0-0: Called Strike
0-1: Called Strike
0-2: Foul Ball, location: 2F
0-2: Strikes out swinging
Batting: RHB Brandon Perris 0-0: Ball
1-0: Ball
2-0: Called Strike
2-1: Foul Ball, location: 2F
2-2: Ball
3-2: Foul Ball, location: 2F
3-2: Fly out, F8 (Flyball, 8LM, EV 84.4 MPH)
Batting: RHB Joe Evrard 0-0: Fly out, F9 (Flyball, 89D, EV 98.8 MPH)
Bottom of the 3rd over - 0 runs, 0 hits, 0 errors, 0 left on base; Nashville 0 - Pawtucket 0
TOP OF THE 4TH
Nashville Sounds batting - Pitching for Pawtucket Red Sox : RHP Roberto Morales
Batting: LHB Gregg Power 0-0: Called Strike
0-1: Swinging Strike
0-2: Ball
1-2: Strikes out swinging
Batting: RHB David Herrera 0-0: Called Strike
0-1: Foul Ball, location: 2F
0-2: Ground out U3 (Groundball, 3L, EV 106.2 MPH)
Batting: LHB Al Hernandez 0-0: Swinging Strike
0-1: Foul Ball, location: 2F
0-2: Ball
1-2: Strikes out swinging
Top of the 4th over - 0 runs, 0 hits, 0 errors, 0 left on base; Nashville 0 - Pawtucket 0
BOTTOM OF THE 4TH
Pawtucket Red Sox batting - Pitching for Nashville Sounds : RHP Jalen Cobbins
Batting: RHB Matt Hinkle 0-0: Called Strike
0-1: Ball
1-1: Ball
2-1: Foul Ball, location: 2F
2-2: Ball
3-2: Foul Ball, location: 2F
3-2: Base on Balls
Batting: LHB Tim Fuller 0-0: Swinging Strike
0-1: Called Strike
0-2: Foul Ball, location: 2F
0-2: Ball
1-2: Foul Ball, location: 2F
1-2: Foul Ball, location: 2F
1-2: Ball
2-2: Strikes out looking
Batting: SHB Marvin Lawrence 0-0: Foul Ball, location: 2F
0-1: Foul Ball, location: 2F
0-2: Ball
1-2: Fielders Choice at 2nd, 5-6 (Groundball, 6, EV 83.1 MPH)
Batting: RHB Roberto Morales 0-0: Fly out, F4 (Popup, 4S, EV 76.9 MPH)
Bottom of the 4th over - 0 runs, 0 hits, 0 errors, 1 left on base; Nashville 0 - Pawtucket 0
TOP OF THE 5TH
Nashville Sounds batting - Pitching for Pawtucket Red Sox : RHP Roberto Morales
Batting: RHB Wade Diamond 0-0: Ball
1-0: Ball
2-0: Called Strike
2-1: Foul Ball, location: 2F
2-2: Ground out 1-3 (Groundball, 15S, EV 71.9 MPH)
Batting: RHB Tony Crespo 0-0: Ball
1-0: Called Strike
1-1: Ball
2-1: Ground out 5-3 (Groundball, 56, EV 81.9 MPH)
Batting: SHB Robert Santiago 0-0: Ball
1-0: Called Strike
1-1: Foul Ball, location: 2F
1-2: Foul Ball, location: 2F
1-2: Strikes out swinging
Top of the 5th over - 0 runs, 0 hits, 0 errors, 0 left on base; Nashville 0 - Pawtucket 0
BOTTOM OF THE 5TH
Pawtucket Red Sox batting - Pitching for Nashville Sounds : RHP Jalen Cobbins
Batting: RHB Tony Nunez 0-0: Called Strike
0-1: Fly out, F8 (Flyball, 8LD, EV 105.0 MPH)
Batting: RHB Rodolfo Contreras 0-0: Ball
1-0: Ground out 6-3 (Groundball, 6, EV 102.5 MPH)
Batting: LHB Frank Olivo 0-0: Ball
1-0: Ground out U3 (Groundball, 3, EV 99.4 MPH)
Bottom of the 5th over - 0 runs, 0 hits, 0 errors, 0 left on base; Nashville 0 - Pawtucket 0
TOP OF THE 6TH
Nashville Sounds batting - Pitching for Pawtucket Red Sox : RHP Roberto Morales
Batting: LHB Tomas Segarra 0-0: Ball
1-0: Fly out, F9 (Flyball, 9, EV 87.5 MPH)
Batting: RHB Tim Cordle 0-0: Ground out 4-3 (Groundball, 4, EV 84.4 MPH)
Batting: RHB Bill Cabrera 0-0: Swinging Strike
0-1: Ball
1-1: SINGLE (Line Drive, 6MD, EV 100.6 MPH)
Batting: LHB Gregg Power 0-0: Foul Ball, location: 2F
0-1: Foul Ball, location: 2F
0-2: Strikes out swinging
Top of the 6th over - 0 runs, 1 hit, 0 errors, 1 left on base; Nashville 0 - Pawtucket 0
BOTTOM OF THE 6TH
Pawtucket Red Sox batting - Pitching for Nashville Sounds : RHP Jalen Cobbins
Batting: RHB Brandon Perris 0-0: Called Strike
0-1: Foul Ball, location: 2F
0-2: Ball
1-2: Foul Ball, location: 2F
1-2: Foul Ball, location: 2F
1-2: Strikes out looking
Batting: RHB Joe Evrard 0-0: Ground out 6-3 (Groundball, 6M, EV 86.9 MPH)
Batting: RHB Matt Hinkle 0-0: Ball
1-0: Foul Ball, location: 2F
1-1: SOLO HOME RUN (Flyball, 7LD, EV 92.5 MPH), Distance : 343 ft
Batting: LHB Tim Fuller 0-0: Swinging Strike
0-1: Ball
1-1: Ball
2-1: Foul Ball, location: 2F
2-2: Ground out 4-3 (Groundball, 4, EV 81.2 MPH)
Bottom of the 6th over - 1 run, 1 hit, 0 errors, 0 left on base; Nashville 0 - Pawtucket 1
TOP OF THE 7TH
Nashville Sounds batting - Pitching for Pawtucket Red Sox : RHP Roberto Morales
Pitching: RHP Andy Garvin
Batting: RHB David Herrera 0-0: Foul Ball, location: 2F
0-1: Foul Ball, location: 2F
0-2: Ball
1-2: Ground out 5-3 (Groundball, 5S, EV 67.5 MPH)
Batting: LHB Al Hernandez 0-0: Ball
1-0: Called Strike
1-1: Foul Ball, location: 2F
1-2: Strikes out swinging
Batting: RHB Wade Diamond 0-0: Called Strike
0-1: Swinging Strike
0-2: SINGLE (Line Drive, 9S, EV 89.4 MPH)
Batting: RHB Tony Crespo 0-0: Called Strike
0-1: Called Strike
0-2: Ball
1-2: Strikes out looking
Top of the 7th over - 0 runs, 1 hit, 0 errors, 1 left on base; Nashville 0 - Pawtucket 1
BOTTOM OF THE 7TH
Pawtucket Red Sox batting - Pitching for Nashville Sounds : RHP Jalen Cobbins
Batting: SHB Marvin Lawrence 0-0: Foul Ball, location: 2F
0-1: Swinging Strike
0-2: Ball
1-2: Strikes out swinging
Batting: RHB Roberto Morales 0-0: Ball
1-0: Ground out U3 (Groundball, 3L, EV 84.4 MPH)
Batting: RHB Tony Nunez 0-0: Foul Ball, location: 2F
0-1: Ball
1-1: Ground out 5-3 (Groundball, 56D, EV 89.4 MPH)
Bottom of the 7th over - 0 runs, 0 hits, 0 errors, 0 left on base; Nashville 0 - Pawtucket 1
TOP OF THE 8TH
Nashville Sounds batting - Pitching for Pawtucket Red Sox : RHP Andy Garvin
Batting: SHB Robert Santiago 0-0: Called Strike
0-1: Ball
1-1: Foul Ball, location: 2F
1-2: Ball
2-2: Foul Ball, location: 2F
2-2: Foul Ball, location: 2F
2-2: Strikes out swinging
Batting: LHB Tomas Segarra 0-0: Ball
1-0: Called Strike
1-1: Called Strike
1-2: Strikes out swinging
Batting: RHB Tim Cordle 0-0: Called Strike
0-1: Swinging Strike
0-2: Ball
1-2: Ball
2-2: Strikes out swinging
Top of the 8th over - 0 runs, 0 hits, 0 errors, 0 left on base; Nashville 0 - Pawtucket 1
BOTTOM OF THE 8TH
Pawtucket Red Sox batting - Pitching for Nashville Sounds : RHP Jalen Cobbins
Batting: RHB Rodolfo Contreras 0-0: Fly out, F8 (Line Drive, 8RD, EV 89.4 MPH)
Batting: LHB Frank Olivo 0-0: Ball
1-0: Ball
2-0: Foul Ball, location: 2F
2-1: Ground out 4-3 (Groundball, 4, EV 83.1 MPH)
Batting: RHB Brandon Perris 0-0: Ball
1-0: Ball
2-0: Called Strike
2-1: DOUBLE (Flyball, 78XD, EV 100.0 MPH)
Batting: RHB Joe Evrard 0-0: Ball
1-0: Ball
2-0: Ground out 6-3 (Groundball, 6, EV 103.8 MPH)
Bottom of the 8th over - 0 runs, 1 hit, 0 errors, 1 left on base; Nashville 0 - Pawtucket 1
TOP OF THE 9TH
Nashville Sounds batting - Pitching for Pawtucket Red Sox : RHP Andy Garvin
Pitching: RHP Jim Whiteman
Batting: RHB Bill Cabrera 0-0: Ground out 4-3 (Groundball, 4, EV 90.6 MPH)
Batting: LHB Gregg Power 0-0: Ground out U3 (Groundball, 34S, EV 83.8 MPH)
Batting: RHB David Herrera 0-0: Called Strike
0-1: Swinging Strike
0-2: Ball
1-2: Ball
2-2: Foul Ball, location: 2F
2-2: Strikes out swinging
Top of the 9th over - 0 runs, 0 hits, 0 errors, 0 left on base; Nashville 0 - Pawtucket 1
Sunday, July 16th , 2023 - OOTP Baseball 24.6 Build 69